2027 views
Uploaded 2022-11-17 04:26:20
Game version 1.33
32:53 long 4on4 ladder game on (8)Deadlock_LV
Saved by GIGA
2027 views
Uploaded 2022-11-17 04:26:20
Game version 1.33
32:53 long 4on4 ladder game on (8)Deadlock_LV


198 units @ 24.8k
/ 4.5k
103 buildings @ 18.9k
/ 8.6k


| Wisp | 23 | 1380 | / | 0 |
| Archer | 7 | 910 | / | 70 |
| Dryad | 15 | 2175 | / | 900 |
| Glaive Thrower | 5 | 1050 | / | 325 |
| total: | 50 | 5515g | / | 1295w |
| Ancient Protector | 7 | 945 | / | 560 |
| Altar of Elders | 2 | 360 | / | 100 |
| Moon Well | 8 | 1440 | / | 320 |
| Ancient of War | 1 | 150 | / | 60 |
| Hunter's Hall | 1 | 210 | / | 100 |
| Tree of Life | 1 | 340 | / | 185 |
| Ancient of Lore | 2 | 310 | / | 290 |
| Tree of Ages | 1 | 320 | / | 180 |
| Tree of Eternity | 1 | 330 | / | 200 |
| total: | 22 | 3755g | / | 1615w |
| 0:04 | Altar of Elders |
| 0:08 | Moon Well |
| 0:10 | Wisp |
| 0:10 | Wisp |
| 0:25 | Ancient of War |
| 0:34 | Wisp |
| 0:44 | Wisp |
| 0:58 | Wisp |
| 1:09 | Wisp |
| 1:25 | Moon Well |
| 1:33 | Archer |
| 1:40 | Wisp |
| 1:52 | Archer |
| 2:04 | Force of Nature |
| 2:16 | Wisp |
| 2:17 | Wisp |
| 2:21 | Archer |
| 2:50 | Tree of Ages |
| 3:33 | Archer |
| 3:55 | Hunter's Hall |
| 4:03 | Thorns Aura |
| 4:30 | Moon Well |
| 4:42 | Archer |
| 5:18 | Archer |
| 5:26 | Ancient Protector |
| 5:29 | Wisp |
| 5:29 | Wisp |
| 5:34 | Ancient of Lore |
| 5:42 | Force of Nature |
| 5:52 | Wisp |
| 6:16 | Archer |
| 7:01 | Abolish Magic |
| 7:43 | Ancient of Lore |
| 8:07 | Searing Arrows |
| 9:10 | Dryad |
| 9:13 | Strength of the Wild |
| 9:53 | Glaive Thrower |
| 9:55 | Dryad |
| 10:12 | Entangling Roots |
| 10:29 | Moon Well |
| 10:32 | Improved Strength of the Wild |
| 10:34 | Glaive Thrower |
| 10:52 | Moon Well |
| 10:57 | Reinforced Hides |
| 11:40 | Dryad |
| 12:20 | Dryad |
| 12:36 | Ancient Protector |
| 12:50 | Dryad |
| 12:52 | Dryad |
| 13:25 | Tree of Life |
| 13:32 | Moon Well |
| 13:32 | Moon Well |
| 13:38 | Improved Reinforced Hides |
| 13:43 | Glaive Thrower |
| 13:45 | Dryad |
| 14:18 | Glaive Thrower |
| 14:29 | Dryad |
| 14:44 | Wisp |
| 14:44 | Wisp |
| 14:49 | Ancient Protector |
| 15:01 | Dryad |
| 16:10 | Dryad |
| 16:12 | Glaive Thrower |
| 16:42 | Dryad |
| 16:46 | Wisp |
| 16:46 | Wisp |
| 16:47 | Wisp |
| 18:55 | Dryad |
| 19:10 | Wisp |
| 19:11 | Wisp |
| 19:13 | Ancient Protector |
| 19:24 | Ancient Protector |
| 19:29 | Ancient Protector |
| 19:33 | Wisp |
| 19:33 | Wisp |
| 19:33 | Wisp |
| 19:38 | Dryad |
| 19:38 | Dryad |
| 20:57 | Trueshot Aura |
| 21:14 | Dryad |
| 21:19 | Wisp |
| 21:21 | Tree of Eternity |
| 21:25 | Moon Well |
| 22:38 | Ancient Protector |
| 26:00 | Altar of Elders |
| Right click | 612 |
| Select group | 385 |
| Select | 334 |
| Misc. action | 197 |
| Build/train/purchase | 70 |
| Assign group | 33 |
| Resource trade | 28 |
| Use ability | 22 |
| Minimap ping | 9 |
โ
PAWPAW
(26:47) : 

| Potion of Healing | 1 | 150 |
| Orb of Venom | 1 | 325 |
| Anti-magic Potion | 1 | 100 |
| Scroll of Town Portal | 5 | 1750 |
| total: | 8 | 2325g |
| Wisp | 34 | 2040 | / | 0 |
| Archer | 13 | 1690 | / | 130 |
| Glaive Thrower | 5 | 1050 | / | 325 |
| Druid of the Talon | 13 | 1885 | / | 260 |
| Dryad | 11 | 1595 | / | 660 |
| total: | 76 | 8260g | / | 1375w |
| Ancient Protector | 8 | 1080 | / | 640 |
| Moon Well | 8 | 1440 | / | 320 |
| Ancient of War | 2 | 300 | / | 120 |
| Altar of Elders | 1 | 180 | / | 50 |
| Hunter's Hall | 1 | 210 | / | 100 |
| Tree of Life | 5 | 1700 | / | 925 |
| Ancient of Wonders | 1 | 90 | / | 30 |
| Ancient of Lore | 1 | 155 | / | 145 |
| Ancient of Wind | 1 | 150 | / | 140 |
| Tree of Ages | 2 | 640 | / | 360 |
| Tree of Eternity | 3 | 990 | / | 600 |
| total: | 28 | 5305g | / | 2470w |
| 0:02 | Wisp |
| 0:02 | Wisp |
| 0:02 | Wisp |
| 0:12 | Moon Well |
| 0:14 | Ancient of War |
| 0:26 | Wisp |
| 0:26 | Wisp |
| 0:45 | Altar of Elders |
| 0:53 | Wisp |
| 1:15 | Archer |
| 1:27 | Archer |
| 1:49 | Moon Well |
| 1:51 | Wisp |
| 2:09 | Wisp |
| 2:09 | Wisp |
| 2:10 | Wisp |
| 2:10 | Wisp |
| 2:20 | Black Arrow |
| 2:33 | Moon Well |
| 2:40 | Archer |
| 2:56 | Archer |
| 3:19 | Archer |
| 3:48 | Archer |
| 3:50 | Tree of Ages |
| 3:58 | Silence |
| 4:06 | Hunter's Hall |
| 4:39 | Archer |
| 4:58 | Tree of Life |
| 5:32 | Black Arrow |
| 5:41 | Archer |
| 5:48 | Ancient Protector |
| 5:48 | Ancient Protector |
| 6:46 | Tree of Eternity |
| 6:48 | Wisp |
| 6:49 | Wisp |
| 6:49 | Wisp |
| 6:49 | Wisp |
| 6:49 | Wisp |
| 6:53 | Ancient of Lore |
| 6:56 | Ancient of Wind |
| 6:57 | Wisp |
| 6:58 | Wisp |
| 6:58 | Wisp |
| 8:09 | Moon Well |
| 8:10 | Moon Well |
| 8:10 | Moon Well |
| 8:26 | Tree of Life |
| 9:05 | Entangling Roots |
| 9:52 | Ancient of War |
| 10:23 | Glaive Thrower |
| 10:23 | Glaive Thrower |
| 11:10 | Glaive Thrower |
| 11:10 | Glaive Thrower |
| 11:12 | Druid of the Talon |
| 11:12 | Druid of the Talon |
| 11:14 | Dryad |
| 11:14 | Dryad |
| 11:17 | Wisp |
| 11:17 | Wisp |
| 11:17 | Wisp |
| 11:17 | Wisp |
| 11:18 | Wisp |
| 12:33 | Ancient of Wonders |
| 12:59 | Tree of Eternity |
| 13:35 | Vorpal Blades |
| 13:42 | Strength of the Moon |
| 13:47 | Druid of the Talon |
| 13:47 | Druid of the Talon |
| 13:49 | Dryad |
| 13:49 | Dryad |
| 13:49 | Dryad |
| 13:50 | Abolish Magic |
| 14:21 | Scroll of Town Portal |
| 14:22 | Potion of Healing |
| 14:28 | Glaive Thrower |
| 14:31 | Druid of the Talon |
| 14:34 | Druid of the Talon |
| 15:25 | Silence |
| 15:59 | Improved Strength of the Moon |
| 15:59 | Moon Armor |
| 16:08 | Scroll of Town Portal |
| 16:09 | Orb of Venom |
| 16:48 | Strength of the Wild |
| 16:52 | Reinforced Hides |
| 16:53 | Well Spring |
| 17:50 | Druid of the Talon |
| 17:50 | Druid of the Talon |
| 17:50 | Druid of the Talon |
| 17:55 | Dryad |
| 17:55 | Dryad |
| 17:55 | Dryad |
| 17:55 | Dryad |
| 17:58 | Marksmanship |
| 17:58 | Archer |
| 17:58 | Archer |
| 18:00 | Archer |
| 18:02 | Wisp |
| 18:02 | Wisp |
| 18:02 | Wisp |
| 18:09 | Scroll of Town Portal |
| 19:09 | Ancient Protector |
| 19:09 | Ancient Protector |
| 19:14 | Ancient Protector |
| 19:15 | Ancient Protector |
| 19:17 | Wisp |
| 19:17 | Wisp |
| 19:18 | Wisp |
| 19:18 | Wisp |
| 19:40 | Thorns Aura |
| 19:58 | Ancient Protector |
| 20:00 | Ancient Protector |
| 20:51 | Wisp |
| 20:51 | Wisp |
| 20:51 | Wisp |
| 21:07 | Improved Strength of the Wild |
| 21:10 | Scroll of Town Portal |
| 21:13 | Anti-magic Potion |
| 21:18 | Druid of the Talon |
| 21:18 | Druid of the Talon |
| 21:43 | Tree of Life |
| 21:54 | Moon Well |
| 21:55 | Moon Well |
| 22:20 | Backpack |
| 22:30 | Tree of Life |
| 24:33 | Scroll of Town Portal |
| 25:03 | Tree of Life |
| 25:21 | Druid of the Talon |
| 25:21 | Druid of the Talon |
| 25:24 | Dryad |
| 25:25 | Dryad |
| 25:26 | Archer |
| 25:26 | Archer |
| Right click | 925 |
| Select | 400 |
| Select group | 145 |
| Build/train/purchase | 117 |
| Minimap ping | 81 |
| Chat | 67 |
| Use ability | 63 |
| Assign group | 32 |
| Esc | 3 |
| Misc. action | 2 |
| Item give/drop | 2 |
| Remove unit | 1 |


| Wisp | 25 | 1500 | / | 0 |
| Archer | 7 | 910 | / | 70 |
| Druid of the Talon | 2 | 290 | / | 40 |
| Chimaera | 9 | 2970 | / | 630 |
| Hippogryph | 7 | 1120 | / | 140 |
| total: | 50 | 6790g | / | 880w |
| Ancient Protector | 2 | 270 | / | 160 |
| Altar of Elders | 1 | 180 | / | 50 |
| Moon Well | 7 | 1260 | / | 280 |
| Ancient of War | 1 | 150 | / | 60 |
| Ancient of Wonders | 1 | 90 | / | 30 |
| Hunter's Hall | 1 | 210 | / | 100 |
| Tree of Life | 6 | 2040 | / | 1110 |
| Ancient of Wind | 2 | 300 | / | 280 |
| Ancient of Lore | 2 | 310 | / | 290 |
| Chimaera Roost | 4 | 560 | / | 760 |
| Tree of Ages | 1 | 320 | / | 180 |
| Tree of Eternity | 2 | 660 | / | 400 |
| total: | 27 | 5370g | / | 3120w |
| 0:04 | Altar of Elders |
| 0:06 | Wisp |
| 0:18 | Moon Well |
| 0:24 | Ancient of War |
| 0:26 | Wisp |
| 0:42 | Wisp |
| 0:45 | Wisp |
| 1:07 | Wisp |
| 1:25 | Wisp |
| 1:31 | Archer |
| 1:39 | Moon Well |
| 1:51 | Archer |
| 2:01 | Ancient of Wonders |
| 2:15 | Force of Nature |
| 2:44 | Wisp |
| 2:44 | Wisp |
| 2:45 | Wisp |
| 2:49 | Moon Well |
| 3:41 | Archer |
| 3:41 | Archer |
| 3:45 | Hunter's Hall |
| 3:49 | Wisp |
| 3:49 | Wisp |
| 4:27 | Entangling Roots |
| 5:03 | Moon Well |
| 5:05 | Tree of Ages |
| 5:09 | Ancient Protector |
| 5:17 | Ancient Protector |
| 6:15 | Force of Nature |
| 6:25 | Strength of the Wild |
| 6:26 | Reinforced Hides |
| 6:29 | Moon Well |
| 6:34 | Archer |
| 6:34 | Archer |
| 6:34 | Archer |
| 7:38 | Tree of Eternity |
| 7:42 | Wisp |
| 7:42 | Wisp |
| 7:42 | Wisp |
| 8:15 | Improved Strength of the Wild |
| 8:36 | Incinerate |
| 9:42 | Tree of Eternity |
| 9:48 | Ancient of Wind |
| 9:54 | Ancient of Wind |
| 10:07 | Tree of Life |
| 10:50 | Moon Well |
| 10:56 | Moon Well |
| 12:43 | Chimaera Roost |
| 12:45 | Chimaera Roost |
| 12:47 | Chimaera Roost |
| 13:00 | Chimaera Roost |
| 13:05 | Wisp |
| 13:05 | Wisp |
| 13:06 | Wisp |
| 13:06 | Wisp |
| 13:26 | Druid of the Talon |
| 13:51 | Wisp |
| 13:51 | Wisp |
| 13:51 | Wisp |
| 13:52 | Wisp |
| 14:18 | Chimaera |
| 14:21 | Chimaera |
| 14:29 | Corrosive Breath |
| 14:40 | Druid of the Talon Adept Training |
| 14:56 | Chimaera |
| 15:52 | Chimaera |
| 15:59 | Chimaera |
| 17:58 | Tree of Life |
| 18:10 | Chimaera |
| 18:17 | Advanced Strength of the Wild |
| 18:42 | Thorns Aura |
| 18:54 | Hippogryph |
| 19:16 | Summon Lava Spawn |
| 19:36 | Hippogryph |
| 20:34 | Hippogryph |
| 20:36 | Improved Reinforced Hides |
| 21:14 | Hippogryph |
| 21:25 | Chimaera |
| 21:36 | Wisp |
| 21:36 | Wisp |
| 21:38 | Wisp |
| 22:37 | Hippogryph |
| 23:36 | Chimaera |
| 23:39 | Hippogryph |
| 24:19 | Hippogryph |
| 24:34 | Advanced Reinforced Hides |
| 25:09 | Ancient of Lore |
| 25:20 | Ancient of Lore |
| 25:38 | Chimaera |
| 25:49 | Druid of the Talon |
| 30:41 | Tree of Life |
| 30:48 | Tree of Life |
| 31:05 | Tree of Life |
| 31:43 | Tree of Life |
| Right click | 1043 |
| Select | 379 |
| Build/train/purchase | 74 |
| Use ability | 29 |
| Assign group | 10 |
| Select group | 6 |
| Item give/drop | 1 |
| Remove unit | 1 |



| Ring of Regeneration | 1 | 300 |
| Khadgar's Gem of Health | 1 | 600 |
| total: | 2 | 900g |
| Acolyte | 9 | 675 | / | 0 |
| Ghoul | 4 | 480 | / | 0 |
| Frost Wyrm | 7 | 2695 | / | 840 |
| Crypt Fiend | 2 | 430 | / | 80 |
| total: | 22 | 4280g | / | 920w |
| Nerubian Tower | 1 | 100 | / | 20 |
| Spirit Tower | 6 | 870 | / | 240 |
| Altar of Darkness | 3 | 540 | / | 150 |
| Crypt | 3 | 600 | / | 150 |
| Ziggurat | 12 | 1800 | / | 600 |
| Graveyard | 1 | 215 | / | 0 |
| Tomb of Relics | 2 | 260 | / | 60 |
| Necropolis | 3 | 675 | / | 0 |
| Boneyard | 2 | 350 | / | 400 |
| Halls of the Dead | 1 | 320 | / | 210 |
| Black Citadel | 1 | 325 | / | 230 |
| total: | 26 | 4440g | / | 1360w |
| 0:07 | Acolyte |
| 0:07 | Acolyte |
| 0:36 | Altar of Darkness |
| 0:42 | Crypt |
| 0:46 | Ziggurat |
| 1:07 | Graveyard |
| 1:44 | Ghoul |
| 1:44 | Ghoul |
| 1:44 | Ghoul |
| 2:18 | Ghoul |
| 2:35 | Halls of the Dead |
| 2:42 | Carrion Beetles |
| 2:51 | Tomb of Relics |
| 2:57 | Ziggurat |
| 3:01 | Nerubian Tower |
| 3:25 | Creature Attack |
| 3:31 | Creature Carapace |
| 4:04 | Spirit Tower |
| 5:04 | Black Citadel |
| 5:17 | Improved Creature Attack |
| 5:21 | Spiked Carapace |
| 5:44 | Ring of Regeneration |
| 6:46 | Death Coil |
| 6:50 | Improved Creature Carapace |
| 7:53 | Boneyard |
| 7:59 | Ziggurat |
| 8:08 | Boneyard |
| 8:14 | Ziggurat |
| 8:18 | Ziggurat |
| 8:47 | Frost Nova |
| 9:05 | Khadgar's Gem of Health |
| 9:18 | Freezing Breath |
| 9:38 | Spirit Tower |
| 10:04 | Advanced Creature Carapace |
| 10:55 | Frost Wyrm |
| 11:00 | Advanced Creature Attack |
| 11:26 | Spirit Tower |
| 11:33 | Frost Wyrm |
| 11:47 | Ziggurat |
| 12:46 | Crypt Fiend |
| 12:52 | Spirit Tower |
| 13:25 | Ziggurat |
| 13:28 | Ziggurat |
| 13:59 | Ziggurat |
| 14:14 | Acolyte |
| 14:14 | Acolyte |
| 14:15 | Acolyte |
| 14:47 | Spirit Tower |
| 16:42 | Unholy Aura |
| 16:45 | Carrion Beetles |
| 17:45 | Spirit Tower |
| 17:48 | Frost Wyrm |
| 17:52 | Frost Wyrm |
| 17:54 | Crypt Fiend |
| 18:03 | Frost Armor |
| 20:09 | Necropolis |
| 20:13 | Altar of Darkness |
| 20:17 | Crypt |
| 20:22 | Tomb of Relics |
| 20:25 | Ziggurat |
| 20:33 | Ziggurat |
| 21:16 | Necropolis |
| 21:46 | Acolyte |
| 21:47 | Acolyte |
| 21:47 | Acolyte |
| 21:47 | Acolyte |
| 22:30 | Necropolis |
| 23:07 | Frost Wyrm |
| 23:10 | Frost Wyrm |
| 25:19 | Frost Wyrm |
| 25:26 | Ziggurat |
| 25:30 | Altar of Darkness |
| 25:34 | Crypt |
| Right click | 246 |
| Select | 159 |
| Build/train/purchase | 53 |
| Use ability | 14 |
| Minimap ping | 8 |
| Resource trade | 5 |
| Item give/drop | 4 |
| Misc. action | 1 |
110 units @ 11.2k
/ 1.5k
166 buildings @ 13.4k
/ 6k


| Peasant | 21 | 1575 | / | 0 |
| Mortar Team | 5 | 900 | / | 350 |
| Flying Machine | 19 | 1900 | / | 570 |
| total: | 45 | 4375g | / | 920w |
| Scout Tower | 14 | 420 | / | 280 |
| Arcane Tower | 2 | 140 | / | 100 |
| Guard Tower | 4 | 280 | / | 200 |
| Altar of Kings | 2 | 360 | / | 100 |
| Farm | 15 | 1200 | / | 300 |
| Lumber Mill | 1 | 120 | / | 0 |
| Town Hall | 1 | 385 | / | 205 |
| Blacksmith | 3 | 420 | / | 180 |
| Workshop | 3 | 420 | / | 420 |
| Keep | 1 | 320 | / | 210 |
| Castle | 1 | 360 | / | 210 |
| total: | 39 | 3325g | / | 1485w |
| 0:03 | Peasant |
| 0:03 | Peasant |
| 0:19 | Altar of Kings |
| 0:21 | Peasant |
| 0:30 | Peasant |
| 0:35 | Farm |
| 0:37 | Peasant |
| 0:48 | Peasant |
| 0:52 | Lumber Mill |
| 0:54 | Peasant |
| 0:57 | Peasant |
| 1:13 | Peasant |
| 1:21 | Peasant |
| 1:37 | Farm |
| 1:38 | Scout Tower |
| 1:39 | Scout Tower |
| 1:44 | Peasant |
| 2:12 | Scout Tower |
| 2:13 | Scout Tower |
| 2:16 | Scout Tower |
| 2:21 | Peasant |
| 2:31 | Peasant |
| 2:34 | Arcane Tower |
| 2:44 | Peasant |
| 2:49 | Scout Tower |
| 2:52 | Scout Tower |
| 2:59 | Guard Tower |
| 3:01 | Scout Tower |
| 3:04 | Scout Tower |
| 3:56 | Storm Bolt |
| 4:11 | Town Hall |
| 4:17 | Scout Tower |
| 4:20 | Guard Tower |
| 4:22 | Scout Tower |
| 4:26 | Scout Tower |
| 4:27 | Scout Tower |
| 5:22 | Scout Tower |
| 5:26 | Guard Tower |
| 5:47 | Guard Tower |
| 6:21 | Arcane Tower |
| 6:23 | Improved Lumber Harvesting |
| 6:39 | Blacksmith |
| 6:45 | Keep |
| 7:29 | Peasant |
| 7:29 | Peasant |
| 7:31 | Improved Masonry |
| 7:48 | Blacksmith |
| 9:25 | Castle |
| 9:28 | Blacksmith |
| 9:30 | Workshop |
| 9:35 | Workshop |
| 9:37 | Black Gunpowder |
| 10:30 | Advanced Lumber Harvesting |
| 10:31 | Advanced Masonry |
| 10:35 | Flak Cannons |
| 10:36 | Flare |
| 10:52 | Workshop |
| 11:06 | Farm |
| 11:09 | Farm |
| 11:16 | Farm |
| 11:17 | Farm |
| 11:18 | Farm |
| 11:19 | Farm |
| 11:24 | Mortar Team |
| 11:37 | Altar of Kings |
| 11:59 | Flying Machine Bombs |
| 12:00 | Fragmentation Shards |
| 12:37 | Bash |
| 12:50 | Farm |
| 12:52 | Farm |
| 12:52 | Farm |
| 12:55 | Iron Plating |
| 13:05 | Peasant |
| 13:05 | Peasant |
| 13:05 | Peasant |
| 13:05 | Peasant |
| 13:06 | Peasant |
| 13:23 | Flying Machine |
| 13:24 | Flying Machine |
| 13:27 | Flying Machine |
| 13:33 | Flying Machine |
| 13:33 | Flying Machine |
| 13:33 | Flying Machine |
| 13:34 | Flying Machine |
| 13:34 | Flying Machine |
| 13:34 | Flying Machine |
| 13:34 | Flying Machine |
| 13:57 | Refined Gunpowder |
| 14:17 | Flying Machine |
| 14:17 | Flying Machine |
| 14:37 | Steel Plating |
| 15:01 | Imbued Masonry |
| 15:14 | Holy Light |
| 15:17 | Flying Machine |
| 15:30 | Flying Machine |
| 15:31 | Flying Machine |
| 16:11 | Imbued Gunpowder |
| 16:13 | Mithril Plating |
| 16:29 | Mortar Team |
| 16:31 | Mortar Team |
| 19:23 | Divine Shield |
| 19:25 | Divine Shield |
| 19:37 | Farm |
| 19:38 | Farm |
| 19:39 | Farm |
| 19:39 | Farm |
| 21:27 | Mortar Team |
| 21:28 | Mortar Team |
| 25:44 | Storm Bolt |
| 25:45 | Bash |
| 29:53 | Flying Machine |
| 29:53 | Flying Machine |
| 29:54 | Flying Machine |
| 29:54 | Flying Machine |
| 31:12 | Divine Shield |
| Right click | 1032 |
| Select group | 472 |
| Select | 288 |
| Build/train/purchase | 92 |
| Misc. action | 88 |
| Use ability | 42 |
| Minimap ping | 17 |
| Assign group | 10 |
| Resource trade | 6 |
| Esc | 2 |
GIGA
(207)
(32:48) : 
| Healing Salve | 1 | 100 |
| Lesser Clarity Potion | 2 | 140 |
| Orb of Lightning | 1 | 375 |
| Potion of Mana | 1 | 200 |
| Scroll of Town Portal | 1 | 350 |
| Staff of Teleportation | 1 | 150 |
| Boots of Speed | 1 | 250 |
| Amulet of Spell Shield | 1 | 600 |
| Ring of Protection +4 | 1 | 300 |
| Staff of Silence | 1 | 600 |
| Sobi Mask | 1 | 400 |
| total: | 12 | 3465g |
| Peon | 15 | 1125 | / | 0 |
| Troll Witch Doctor | 4 | 580 | / | 100 |
| total: | 19 | 1705g | / | 100w |
| Watch Tower | 5 | 550 | / | 400 |
| Altar of Storms | 1 | 180 | / | 50 |
| Orc Burrow | 4 | 640 | / | 160 |
| War Mill | 1 | 205 | / | 0 |
| Voodoo Lounge | 2 | 260 | / | 60 |
| Great Hall | 3 | 1155 | / | 555 |
| Spirit Lodge | 1 | 150 | / | 150 |
| Stronghold | 2 | 630 | / | 380 |
| Fortress | 1 | 325 | / | 190 |
| total: | 17 | 3140g | / | 1375w |
| 0:03 | Peon |
| 0:03 | Peon |
| 0:10 | Peon |
| 0:14 | Altar of Storms |
| 0:23 | Orc Burrow |
| 0:35 | Peon |
| 0:50 | Peon |
| 1:06 | Peon |
| 1:25 | War Mill |
| 1:30 | Orc Burrow |
| 1:35 | Peon |
| 1:48 | Peon |
| 2:17 | Voodoo Lounge |
| 2:36 | Wind Walk |
| 2:47 | Peon |
| 2:47 | Peon |
| 2:47 | Peon |
| 2:48 | Peon |
| 2:48 | Peon |
| 3:22 | Peon |
| 3:22 | Peon |
| 3:41 | Voodoo Lounge |
| 4:32 | Watch Tower |
| 4:32 | Watch Tower |
| 4:34 | Watch Tower |
| 4:36 | Watch Tower |
| 4:38 | Stronghold |
| 4:42 | Critical Strike |
| 4:45 | Healing Salve |
| 4:46 | Lesser Clarity Potion |
| 5:08 | Great Hall |
| 6:25 | Watch Tower |
| 7:39 | Staff of Teleportation |
| 7:39 | Boots of Speed |
| 8:08 | Reinforced Defenses |
| 8:10 | Stronghold |
| 8:20 | Spirit Lodge |
| 10:54 | Fortress |
| 11:01 | Amulet of Spell Shield |
| 11:10 | Ring of Protection +4 |
| 11:28 | Wind Walk |
| 12:59 | Spiked Barricades |
| 13:08 | Scroll of Town Portal |
| 13:38 | Witch Doctor Adept Training |
| 13:39 | Orb of Lightning |
| 13:58 | Bash |
| 16:14 | Witch Doctor Master Training |
| 16:14 | Troll Witch Doctor |
| 16:15 | Troll Witch Doctor |
| 16:15 | Troll Witch Doctor |
| 16:15 | Troll Witch Doctor |
| 16:37 | Improved Spiked Barricades |
| 17:21 | Mirror Image |
| 20:28 | Critical Strike |
| 21:33 | Orc Burrow |
| 21:35 | Orc Burrow |
| 21:56 | Staff of Silence |
| 23:38 | Bladestorm |
| 25:11 | Holy Light |
| 25:49 | Potion of Mana |
| 25:52 | Lesser Clarity Potion |
| 27:12 | Critical Strike |
| 28:57 | Holy Light |
| 28:58 | Devotion Aura |
| 29:21 | Wind Walk |
| 30:22 | Great Hall |
| 30:27 | Great Hall |
| 31:14 | Storm Bolt |
| 32:07 | Sobi Mask |
| Right click | 2172 |
| Select | 212 |
| Build/train/purchase | 88 |
| Resource trade | 50 |
| Chat | 30 |
| Use ability | 29 |
| Minimap ping | 16 |
| Item give/drop | 8 |
| Select group | 2 |
| Assign group | 1 |
| Misc. action | 1 |
| Esc | 1 |


| Peasant | 14 | 1050 | / | 0 |
| Dragonhawk Rider | 3 | 600 | / | 90 |
| total: | 17 | 1650g | / | 90w |
| Scout Tower | 79 | 2370 | / | 1580 |
| Arcane Tower | 7 | 490 | / | 350 |
| Guard Tower | 37 | 2590 | / | 1850 |
| Altar of Kings | 3 | 540 | / | 150 |
| Farm | 7 | 560 | / | 140 |
| Lumber Mill | 1 | 120 | / | 0 |
| Arcane Vault | 2 | 260 | / | 60 |
| Town Hall | 1 | 385 | / | 205 |
| Gryphon Aviary | 1 | 140 | / | 150 |
| Keep | 1 | 320 | / | 210 |
| Castle | 1 | 360 | / | 210 |
| total: | 94 | 4375g | / | 2285w |
| 0:07 | Altar of Kings |
| 0:09 | Altar of Kings |
| 0:13 | Farm |
| 0:14 | Peasant |
| 0:26 | Peasant |
| 0:32 | Peasant |
| 1:24 | Peasant |
| 1:24 | Peasant |
| 1:32 | Farm |
| 1:35 | Scout Tower |
| 1:36 | Peasant |
| 1:45 | Lumber Mill |
| 1:52 | Peasant |
| 2:01 | Peasant |
| 2:08 | Arcane Tower |
| 2:16 | Scout Tower |
| 2:30 | Storm Bolt |
| 2:44 | Peasant |
| 2:47 | Scout Tower |
| 2:53 | Peasant |
| 2:56 | Guard Tower |
| 3:00 | Improved Masonry |
| 3:04 | Scout Tower |
| 3:13 | Scout Tower |
| 3:14 | Scout Tower |
| 3:25 | Peasant |
| 3:39 | Scout Tower |
| 3:40 | Scout Tower |
| 3:44 | Guard Tower |
| 3:49 | Peasant |
| 3:49 | Peasant |
| 3:57 | Guard Tower |
| 4:06 | Scout Tower |
| 4:09 | Scout Tower |
| 4:11 | Guard Tower |
| 4:12 | Guard Tower |
| 4:16 | Scout Tower |
| 4:19 | Scout Tower |
| 4:23 | Peasant |
| 4:43 | Farm |
| 4:51 | Keep |
| 5:04 | Guard Tower |
| 5:05 | Guard Tower |
| 5:05 | Guard Tower |
| 5:08 | Scout Tower |
| 5:09 | Scout Tower |
| 5:10 | Scout Tower |
| 5:17 | Improved Lumber Harvesting |
| 5:29 | Scout Tower |
| 5:34 | Scout Tower |
| 5:36 | Scout Tower |
| 5:38 | Guard Tower |
| 5:42 | Guard Tower |
| 5:48 | Scout Tower |
| 5:55 | Guard Tower |
| 6:07 | Guard Tower |
| 6:09 | Scout Tower |
| 6:11 | Guard Tower |
| 6:15 | Scout Tower |
| 6:18 | Guard Tower |
| 6:22 | Scout Tower |
| 6:35 | Guard Tower |
| 6:39 | Guard Tower |
| 6:44 | Scout Tower |
| 6:48 | Scout Tower |
| 6:52 | Guard Tower |
| 6:58 | Scout Tower |
| 7:03 | Guard Tower |
| 7:12 | Castle |
| 7:31 | Advanced Masonry |
| 7:38 | Guard Tower |
| 7:42 | Scout Tower |
| 7:43 | Scout Tower |
| 7:54 | Scout Tower |
| 8:00 | Guard Tower |
| 8:14 | Guard Tower |
| 8:25 | Scout Tower |
| 8:30 | Scout Tower |
| 8:33 | Scout Tower |
| 8:51 | Holy Light |
| 9:00 | Scout Tower |
| 9:00 | Scout Tower |
| 9:01 | Scout Tower |
| 9:04 | Guard Tower |
| 9:31 | Scout Tower |
| 9:32 | Scout Tower |
| 9:32 | Scout Tower |
| 9:35 | Guard Tower |
| 9:44 | Imbued Masonry |
| 10:02 | Guard Tower |
| 10:05 | Scout Tower |
| 10:06 | Scout Tower |
| 10:07 | Scout Tower |
| 10:26 | Scout Tower |
| 10:37 | Guard Tower |
| 10:39 | Guard Tower |
| 10:41 | Scout Tower |
| 10:42 | Scout Tower |
| 10:43 | Scout Tower |
| 10:50 | Scout Tower |
| 11:06 | Gryphon Aviary |
| 11:11 | Scout Tower |
| 11:12 | Scout Tower |
| 11:14 | Guard Tower |
| 11:25 | Scout Tower |
| 11:29 | Scout Tower |
| 11:31 | Guard Tower |
| 11:35 | Scout Tower |
| 11:37 | Guard Tower |
| 11:58 | Arcane Vault |
| 12:03 | Arcane Vault |
| 12:08 | Guard Tower |
| 12:09 | Arcane Tower |
| 12:19 | Scout Tower |
| 12:20 | Scout Tower |
| 12:20 | Scout Tower |
| 12:27 | Guard Tower |
| 12:29 | Scout Tower |
| 12:32 | Scout Tower |
| 12:37 | Scout Tower |
| 12:47 | Arcane Tower |
| 12:58 | Guard Tower |
| 13:08 | Scout Tower |
| 13:09 | Arcane Tower |
| 13:12 | Arcane Tower |
| 13:16 | Scout Tower |
| 13:26 | Scout Tower |
| 13:29 | Guard Tower |
| 13:36 | Cloud |
| 13:36 | Dragonhawk Rider |
| 13:36 | Dragonhawk Rider |
| 13:36 | Dragonhawk Rider |
| 13:41 | Farm |
| 13:47 | Farm |
| 14:03 | Guard Tower |
| 14:05 | Scout Tower |
| 14:08 | Arcane Tower |
| 14:16 | Scout Tower |
| 14:17 | Scout Tower |
| 14:18 | Scout Tower |
| 14:18 | Scout Tower |
| 14:21 | Scout Tower |
| 14:22 | Scout Tower |
| 14:23 | Scout Tower |
| 14:23 | Scout Tower |
| 14:29 | Scout Tower |
| 14:34 | Scout Tower |
| 14:34 | Scout Tower |
| 14:35 | Scout Tower |
| 14:36 | Scout Tower |
| 14:39 | Scout Tower |
| 14:40 | Scout Tower |
| 14:41 | Scout Tower |
| 14:45 | Scout Tower |
| 14:46 | Scout Tower |
| 14:47 | Scout Tower |
| 15:06 | Guard Tower |
| 15:08 | Guard Tower |
| 19:32 | Arcane Tower |
| 19:41 | Guard Tower |
| 24:31 | Altar of Kings |
| 25:47 | Farm |
| 25:51 | Farm |
| 26:00 | Town Hall |
| Right click | 934 |
| Select group | 763 |
| Select | 268 |
| Build/train/purchase | 75 |
| Resource trade | 12 |
| Use ability | 9 |
| Assign group | 8 |
| Misc. action | 6 |
| Esc | 4 |
| Minimap ping | 1 |



| Rod of Necromancy | 1 | 150 |
| Lesser Clarity Potion | 2 | 140 |
| Orb of Corruption | 1 | 375 |
| Potion of Mana | 1 | 200 |
| Potion of Healing | 1 | 150 |
| Scroll of Healing | 1 | 250 |
| Scroll of Town Portal | 2 | 700 |
| Staff of Teleportation | 2 | 300 |
| Potion of Lesser Invulnerability | 1 | 150 |
| Healing Salve | 1 | 100 |
| Scroll of Speed | 1 | 50 |
| Staff of Sanctuary | 1 | 250 |
| Orb of Lightning | 1 | 375 |
| Claws of Attack +9 | 1 | 300 |
| Ring of Protection +4 | 1 | 300 |
| Robe of the Magi +6 | 1 | 400 |
| Alleria's Flute of Accuracy | 1 | 400 |
| Pendant of Energy | 1 | 300 |
| Sentry Wards | 1 | 150 |
| total: | 22 | 5040g |
| Acolyte | 16 | 1200 | / | 0 |
| Ghoul | 3 | 360 | / | 0 |
| Crypt Fiend | 4 | 860 | / | 160 |
| Obsidian Statue | 2 | 400 | / | 70 |
| Banshee | 4 | 620 | / | 120 |
| total: | 29 | 3440g | / | 350w |
| Nerubian Tower | 2 | 200 | / | 40 |
| Spirit Tower | 1 | 145 | / | 40 |
| Crypt | 1 | 200 | / | 50 |
| Graveyard | 1 | 215 | / | 0 |
| Ziggurat | 7 | 1050 | / | 350 |
| Altar of Darkness | 1 | 180 | / | 50 |
| Tomb of Relics | 1 | 130 | / | 30 |
| Necropolis | 2 | 450 | / | 0 |
| Slaughterhouse | 1 | 140 | / | 135 |
| Temple of the Damned | 1 | 155 | / | 140 |
| Sacrificial Pit | 1 | 75 | / | 150 |
| Halls of the Dead | 1 | 320 | / | 210 |
| Black Citadel | 1 | 325 | / | 230 |
| total: | 16 | 2595g | / | 905w |
| 0:01 | Acolyte |
| 0:01 | Acolyte |
| 0:09 | Crypt |
| 0:18 | Graveyard |
| 0:25 | Ziggurat |
| 0:45 | Altar of Darkness |
| 1:18 | Ghoul |
| 1:44 | Tomb of Relics |
| 1:49 | Ziggurat |
| 1:54 | Crypt Fiend |
| 2:20 | Crypt Fiend |
| 2:34 | Crypt Fiend |
| 2:49 | Rod of Necromancy |
| 2:54 | Death Coil |
| 3:26 | Acolyte |
| 3:27 | Crypt Fiend |
| 3:55 | Unholy Aura |
| 4:10 | Necropolis |
| 4:12 | Acolyte |
| 4:15 | Ghoul |
| 5:03 | Halls of the Dead |
| 5:39 | Death Coil |
| 5:45 | Acolyte |
| 5:46 | Acolyte |
| 5:47 | Ziggurat |
| 5:48 | Ziggurat |
| 5:50 | Acolyte |
| 6:39 | Nerubian Tower |
| 6:39 | Spirit Tower |
| 6:40 | Ghoul |
| 7:36 | Black Citadel |
| 7:58 | Slaughterhouse |
| 8:03 | Staff of Teleportation |
| 8:22 | Frost Nova |
| 8:32 | Temple of the Damned |
| 10:22 | Destroyer Form |
| 10:23 | Obsidian Statue |
| 10:23 | Banshee |
| 10:34 | Healing Salve |
| 10:37 | Lesser Clarity Potion |
| 10:39 | Lesser Clarity Potion |
| 10:40 | Scroll of Speed |
| 11:24 | Frost Armor |
| 11:47 | Unholy Aura |
| 11:52 | Orb of Corruption |
| 11:53 | Potion of Mana |
| 11:53 | Potion of Healing |
| 12:07 | Obsidian Statue |
| 12:11 | Carrion Swarm |
| 13:01 | Potion of Lesser Invulnerability |
| 13:02 | Scroll of Healing |
| 13:10 | Banshee Adept Training |
| 13:30 | Claws of Attack +9 |
| 13:30 | Ring of Protection +4 |
| 13:32 | Robe of the Magi +6 |
| 13:38 | Alleria's Flute of Accuracy |
| 13:49 | Banshee |
| 15:07 | Sleep |
| 16:02 | Acolyte |
| 16:32 | Staff of Sanctuary |
| 16:34 | Scroll of Town Portal |
| 16:42 | Orb of Lightning |
| 18:48 | Frost Nova |
| 18:56 | Carrion Swarm |
| 19:47 | Death Coil |
| 21:15 | Ziggurat |
| 22:02 | Pendant of Energy |
| 22:05 | Sentry Wards |
| 22:14 | Banshee |
| 22:15 | Banshee Master Training |
| 22:26 | Staff of Teleportation |
| 22:26 | Scroll of Town Portal |
| 22:45 | Ziggurat |
| 23:24 | Sleep |
| 23:27 | Frost Armor |
| 24:17 | Acolyte |
| 24:36 | Sacrificial Pit |
| 24:41 | Acolyte |
| 24:43 | Acolyte |
| 24:44 | Banshee |
| 24:58 | Ziggurat |
| 25:50 | Unholy Aura |
| 25:55 | Nerubian Tower |
| 27:13 | Carrion Swarm |
| 27:46 | Frost Nova |
| 28:11 | Acolyte |
| 30:11 | Necropolis |
| 32:43 | Acolyte |
| 32:43 | Acolyte |
| 32:43 | Acolyte |
| 32:43 | Acolyte |
| Right click | 2290 |
| Select group | 1188 |
| Select | 757 |
| Use ability | 153 |
| Assign group | 141 |
| Build/train/purchase | 103 |
| Chat | 90 |
| Resource trade | 52 |
| Minimap ping | 29 |
| Item give/drop | 18 |
| Misc. action | 13 |